Map: 海神信使 - 天梯版

Players

Namshar - Winner!

  • Race: Zerg Zerg
  • Spawn Location: 11:00

Nice

  • Race: Protoss Protoss
  • Spawn Location: 5:00

Event: IEM Katowice 2020

VOD

Have the link to the VOD?

Description

Time

  • Played on: Feb. 25, 2020, 7:43 a.m.
  • Length: 23:02

All games in this series

Show
View Real Time Build Order
Export as new Build Order

Namshar Zerg - Winner!

Build Orders: Hatch First, Brood Lord Corruptor, Lurkers, Roach Hydra 

Get SALT Encoding   

  12  0:00  Drone  
  13  0:12  Overlord  
  13  0:16  Drone  
  14  0:30  Drone x2  
  16  0:48  Drone x2  
  18  0:57  Hatchery, Drone  
  18  1:02  Extractor  
  17  1:13  Spawning Pool  
  17  1:16  Drone  
  17  1:19  Drone  
  18  1:28  Drone  
  19  1:39  Overlord  
  19  2:00  Queen  
  19  2:01  Zergling x4  
  23  2:05  Metabolic Boost  
  23  2:08  Queen  
  23  2:09  Drone  
  23  2:13  Drone  
  27  2:22  Drone x2  
  29  2:35  Hatchery  
  29  2:37  Zergling x2  
  29  2:41  Drone  
  29  2:43  Drone  
  31  2:49  Spore Crawler  
  30  2:52  Queen  
  30  2:54  Zergling x2  
  34  3:00  Zergling x4  
  35  3:10  Overlord  
  35  3:11  Overlord  
  35  3:28  Drone  
  35  3:33  Drone  
  35  3:34  Drone x3  
  39  3:38  Drone  
  39  3:40  Spore Crawler  
  38  3:42  Spore Crawler  
  38  3:45  Drone  
  38  3:52  Drone x6  
  43  4:03  Drone x4  
  43  4:06  Spore Crawler, Queen  
  48  4:11  Drone x2  
  48  4:13  Spore Crawler  
  49  4:20  Drone x2  
  49  4:21  Drone x5  
  56  4:29  Overlord  
  56  4:30  Roach Warren  
  55  4:36  Extractor x2  
  53  4:42  Overlord x2  
  53  4:50  Lair  
  53  4:52  Drone x5  
  57  5:00  Zergling x6  
  57  5:01  Zergling x8  
  57  5:06  Drone  
  65  5:08  Drone x3  
  65  5:10  Drone x2  
  65  5:12  Queen  
  72  5:15  Overlord  
  72  5:19  Extractor  
  71  5:24  Extractor, Drone x3  
  73  5:40  Zergling x6  
  73  5:41  Drone x7  
  81  5:46  Drone  
  81  5:50  Extractor  
  81  5:53  Glial Reconstitution  
  81  5:55  Drone  
  81  5:56  Roach, Evolution Chamber  
  80  5:57  Overlord  
  80  5:58  Overlord x2  
  80  5:59  Roach  
  80  6:01  Hatchery  
  81  6:16  Drone x2, Pneumatized Carapace  
  83  6:20  Drone  
  83  6:21  Drone x2  
  86  6:25  Spire  
  86  6:28  Drone  
  86  6:29  Drone x2, Zerg Missile Weapons Level 1  
  88  6:36  Drone  
  88  6:37  Drone, Overlord x2  
  88  6:38  Roach x4  
  88  6:39  Roach x4  
  106  6:45  Overlord  
  104  6:55  Roach  
  100  7:02  Extractor  
  100  7:03  Extractor  
  100  7:04  Roach x4  
  100  7:09  Hydralisk Den  
  100  7:12  Drone  
  100  7:14  Drone  
  100  7:15  Drone x6  
  104  7:22  Drone x2  
  106  7:34  Overseer  
  106  7:37  Queen  
  106  7:41  Drone x2  
  110  7:45  Drone x2  
  110  7:46  Drone x4  
  110  7:49  Overseer  
  110  7:50  Grooved Spines  
  116  7:52  Drone, Infestation Pit, Overlord x2  
  116  8:06  Queen  
  116  8:09  Hydralisk x4  
  116  8:10  Hydralisk x2  
  130  8:17  Hydralisk, Overlord x2  
  130  8:26  Zerg Missile Weapons Level 2  
  130  8:29  Drone, Hive  
  130  8:31  Lurker Den  
  130  8:40  Drone x2  
  130  8:41  Drone x6, Hydralisk  
  135  8:42  Hydralisk x2  
  144  8:52  Overlord x3  
  144  8:53  Hydralisk x2  
  148  8:59  Overlord  
  148  9:01  Muscular Augments  
  148  9:08  Hydralisk  
  148  9:09  Hydralisk x2  
  154  9:10  Hatchery  
  153  9:19  Hydralisk x3  
  159  9:31  Hydralisk x3  
  159  9:32  Hydralisk x7  
  178  9:41  Hatchery  
  177  9:54  Queen  
  177  10:01  Seismic Spines  
  177  10:02  Lurker x2  
  177  10:03  Lurker x6  
  177  10:04  Lurker x3  
  177  10:05  Hydralisk x4  
  196  10:11  Drone x3  
  196  10:13  Spine Crawler x3, Drone  
  196  10:14  Spine Crawler x2, Drone x2  
  189  10:31  Hydralisk x5  
  181  10:53  Hydralisk x5  
  181  10:54  Hydralisk x4  
  167  10:58  Adaptive Talons  
  167  10:59  Hydralisk  
  167  11:00  Hydralisk x3  
  170  11:11  Hydralisk  
  170  11:12  Hydralisk x5  
  170  11:16  Hydralisk  
  170  11:17  Zergling x14  
  179  11:22  Hydralisk  
  179  11:23  Hydralisk x2  
  172  11:31  Zergling x2, Hydralisk  
  172  11:32  Zergling x4  
  170  11:34  Hydralisk x3  
  170  11:36  Overseer  
  170  11:38  Hydralisk  
  165  11:40  Queen  
  165  11:43  Greater Spire  
  167  11:47  Spine Crawler  
  167  11:48  Spine Crawler  
  167  11:49  Hydralisk  
  167  11:50  Extractor, Hydralisk x6  
  167  11:51  Hatchery  
  167  11:52  Lurker x2  
  167  11:53  Lurker  
  180  11:54  Extractor  
  174  12:01  Hydralisk  
  174  12:02  Zergling x10  
  174  12:07  Hydralisk  
  165  12:13  Zergling x2, Hydralisk  
  165  12:14  Zergling x6  
  161  12:19  Roach  
  156  12:24  Roach x5  
  154  12:33  Zerg Missile Weapons Level 3  
  154  12:36  Drone x2  
  156  12:39  Overlord  
  156  12:41  Corruptor x4  
  156  12:42  Corruptor  
  156  12:43  Corruptor  
  148  13:01  Hydralisk  
  148  13:02  Hydralisk x5  
  156  13:07  Hydralisk x3  
  156  13:08  Hydralisk x5  
  146  13:18  Brood Lord x2  
  145  13:20  Drone x4  
  145  13:22  Brood Lord  
  146  13:29  Brood Lord  
  146  13:33  Brood Lord  
  150  13:39  Brood Lord  
  152  13:44  Zerg Flyer Weapons Level 1  
  152  13:46  Queen  
  152  13:48  Spore Crawler, Drone x3  
  154  13:50  Spine Crawler x2  
  154  13:51  Corruptor x2  
  158  13:58  Corruptor x2  
  162  14:03  Overseer  
  162  14:04  Overseer  
  162  14:09  Corruptor  
  162  14:10  Corruptor  
  159  14:30  Drone  
  159  14:31  Drone x2  
  157  14:33  Brood Lord x4  
  159  14:40  Spine Crawler  
  159  14:41  Spine Crawler, Drone x2  
  159  14:42  Spine Crawler  
  159  14:43  Spine Crawler  
  157  14:48  Brood Lord x2  
  157  14:52  Lurker, Overlord  
  162  14:53  Queen  
  162  14:54  Queen  
  162  14:58  Hydralisk x3  
  172  15:04  Hydralisk  
  172  15:05  Hydralisk x4  
  178  15:13  Corruptor x2  
  182  15:17  Drone x2  
  182  15:28  Hydralisk  
  182  15:29  Hydralisk x4  
  186  15:44  Overlord  
  186  15:45  Overlord  
  184  15:50  Hatchery  
  184  15:54  Overlord x2  
  184  15:55  Zerg Ground Armor Level 1  
  184  15:56  Viper  
  186  15:58  Viper  
  189  16:16  Hatchery  
  188  16:22  Overseer  
  188  16:29  Corruptor  
  188  16:30  Corruptor x2  
  182  16:52  Extractor  
  159  16:55  Hydralisk x6  
  159  16:57  Viper x2  
  175  17:03  Extractor  
  174  17:11  Zerg Flyer Weapons Level 2  
  174  17:13  Hatchery  
  170  17:24  Hatchery  
  170  17:27  Corruptor x2, Extractor  
  172  17:30  Extractor  
  172  17:32  Lurker  
  172  17:33  Lurker  
  172  17:34  Lurker  
  172  17:36  Lurker  
  175  17:43  Drone x3  
  178  17:58  Lurker x2  
  180  18:00  Corruptor x3  
  186  18:06  Drone x4  
  190  18:28  Hydralisk  
  190  18:29  Hydralisk  
  191  18:38  Drone  
  191  18:39  Drone x2  
  186  18:47  Drone x2  
  188  18:58  Drone x6  
  188  18:59  Drone x6  
  200  19:20  Spore Crawler  
  200  19:21  Spore Crawler  
  200  19:22  Spore Crawler  
  197  19:28  Overseer  
  197  19:29  Overseer  
  197  19:31  Zerg Melee Weapons Level 1  
  197  19:32  Drone  
  197  19:33  Baneling Nest  
  190  20:01  Hydralisk x2  
  182  20:08  Hydralisk x4  
  188  20:16  Queen  
  188  20:17  Queen  
  192  20:21  Overlord x2  
  192  20:24  Overlord x2  
  192  20:25  Overseer x2  
  192  20:30  Extractor  
  192  20:31  Spore Crawler x2  
  192  20:33  Spine Crawler  
  187  20:50  Spine Crawler, Drone x3  
  187  20:51  Spine Crawler  
  187  20:52  Corruptor  
  187  20:53  Corruptor x4, Spine Crawler  
  195  20:58  Corruptor x3  
  197  21:07  Corruptor x2  
  199  21:17  Extractor  
  198  21:33  Spine Crawler  
  198  21:34  Corruptor  
  199  21:41  Spine Crawler  
  190  22:05  Drone  
  190  22:06  Drone x2  
  190  22:07  Hydralisk  
  190  22:08  Hydralisk x4  
  191  22:28  Roach Warren, Spawning Pool  
  179  22:39  Drone x5  
  179  22:40  Drone x5  
Show
View Real Time Build Order
Export as new Build Order

Nice Protoss 

Build Orders: 1 Gate Expand, Oracle Opening, Phoenix Opening 

Get SALT Encoding   

  12  0:01  Probe  
  13  0:13  Probe  
  14  0:20  Pylon  
  14  0:25  Probe  
  15  0:38  Probe (Chrono Boost)  
  15  0:41  Gateway  
  17  0:50  Probe (Chrono Boost)  
  17  0:51  Assimilator  
  17  0:54  Probe (Chrono Boost)  
  18  1:04  Probe  
  19  1:17  Probe  
  20  1:28  Cybernetics Core  
  20  1:37  Nexus  
  20  1:46  Pylon  
  20  1:52  Probe  
  20  1:53  Assimilator  
  21  2:02  Adept (Chrono Boost)  
  21  2:05  Probe  
  24  2:17  Probe  
  24  2:22  Adept (Chrono Boost)  
  25  2:29  Probe  
  28  2:31  Stargate  
  28  2:41  Probe  
  29  2:44  Adept  
  31  2:55  Warp Gate, Probe (Chrono Boost)  
  31  2:56  Probe (Chrono Boost)  
  35  3:06  Probe (Chrono Boost)  
  35  3:09  Probe (Chrono Boost)  
  35  3:11  Probe (Chrono Boost), Oracle (Chrono Boost)  
  35  3:17  Probe  
  40  3:21  Probe  
  40  3:22  Pylon  
  41  3:29  Probe  
  41  3:33  Probe  
  41  3:40  Gateway  
  39  3:41  Phoenix, Probe  
  39  3:45  Probe  
  43  3:50  Gateway  
  43  3:53  Probe  
  44  3:56  Pylon  
  44  3:57  Gateway  
  44  3:59  Probe  
  44  4:00  Adept  
  47  4:05  Probe  
  47  4:08  Oracle (Chrono Boost)  
  51  4:11  Probe  
  52  4:18  Probe  
  52  4:20  Pylon  
  52  4:23  Probe  
  54  4:25  Gateway  
  54  4:29  Twilight Council  
  54  4:31  Assimilator  
  54  4:35  Assimilator  
  54  4:37  Probe  
  54  4:38  Probe  
  56  4:43  Adept x2  
  60  4:56  Pylon  
  60  4:58  Probe x2, Nexus  
  62  5:09  Resonating Glaives (Chrono Boost)  
  62  5:14  Pylon  
  62  5:16  Adept x2  
  62  5:18  Probe x2, Shield Battery  
  62  5:20  Adept  
  70  5:30  Probe x2  
  70  5:31  Pylon  
  66  5:46  Adept x3  
  66  5:48  Probe  
  69  5:51  Probe  
  70  6:00  Probe, Robotics Facility  
  70  6:01  Robotics Facility  
  71  6:04  Probe  
  71  6:07  Adept x3, Forge  
  78  6:12  Probe  
  78  6:14  Probe  
  78  6:16  Probe  
  78  6:24  Probe  
  78  6:25  Pylon  
  79  6:27  Probe, Adept x2  
  79  6:28  Probe, Adept, Assimilator  
  79  6:30  Assimilator  
  87  6:37  Probe  
  87  6:39  Probe, Protoss Ground Weapons Level 1, Charge  
  89  6:40  Templar Archives  
  89  6:44  Probe  
  90  6:48  Sentry x2  
  90  6:49  Probe, Sentry  
  90  6:51  Probe  
  98  7:01  Probe  
  79  7:16  Gateway  
  79  7:18  Phoenix (Chrono Boost), Gateway  
  79  7:20  Gateway  
  79  7:21  Gateway  
  81  7:23  Gateway  
  81  7:24  Photon Cannon  
  81  7:25  Photon Cannon  
  81  7:26  Immortal (Chrono Boost)  
  81  7:27  Observer (Chrono Boost)  
  86  7:32  Zealot x3  
  92  7:43  Pylon  
  92  7:44  Pylon, Warp Prism (Chrono Boost)  
  92  7:50  Gateway x2  
  94  7:57  High Templar x2, Zealot  
  102  8:00  Archon  
  102  8:11  Nexus  
  102  8:14  Pylon  
  100  8:20  Robotics Bay  
  100  8:25  Photon Cannon  
  100  8:29  Photon Cannon x2  
  100  8:30  Shield Battery  
  100  8:33  Immortal x2 (Chrono Boost)  
  106  8:42  High Templar x4  
  106  8:47  Archon x2  
  114  8:48  Photon Cannon  
  114  8:50  Zealot  
  114  8:52  Pylon  
  114  8:55  Zealot  
  118  9:01  Protoss Ground Weapons Level 2 (Chrono Boost)  
  122  9:03  Shield Battery  
  122  9:08  Disruptor (Chrono Boost)  
  124  9:10  Disruptor (Chrono Boost)  
  124  9:21  High Templar x2  
  124  9:22  Zealot x5  
  138  9:26  Archon  
  138  9:31  Disruptor (Chrono Boost)  
  138  9:37  Disruptor (Chrono Boost)  
  144  9:51  Zealot x8  
  154  10:01  Probe x2  
  154  10:02  Probe  
  154  10:04  Disruptor  
  154  10:06  Disruptor  
  163  10:13  Probe  
  164  10:15  Pylon  
  164  10:16  Pylon  
  164  10:18  Pylon  
  164  10:28  Probe  
  153  10:36  Zealot x9  
  153  10:40  Disruptor  
  134  10:59  Zealot x10  
  134  11:01  Observer  
  123  11:21  Colossus (Chrono Boost)  
  123  11:24  Disruptor (Chrono Boost)  
  110  11:29  Protoss Ground Weapons Level 3 (Chrono Boost)  
  102  11:34  High Templar  
  102  11:35  High Templar x3, Zealot x6  
  102  11:39  Archon  
  112  11:40  Archon  
  112  11:42  Probe x3, Assimilator  
  112  11:43  Assimilator  
  115  11:54  Disruptor (Chrono Boost)  
  118  12:08  Disruptor (Chrono Boost)  
  114  12:12  Zealot x10  
  114  12:26  Observer (Chrono Boost)  
  109  12:32  High Templar x3  
  109  12:33  High Templar, Zealot x5  
  109  12:34  Zealot  
  130  12:39  Photon Cannon, Observer (Chrono Boost)  
  130  12:40  Archon  
  130  12:41  Archon, Photon Cannon  
  130  12:42  Pylon  
  130  12:48  Observer  
  130  12:50  Disruptor (Chrono Boost)  
  136  12:51  Disruptor (Chrono Boost)  
  128  13:02  Zealot x6  
  133  13:12  Zealot x4  
  124  13:14  Disruptor (Chrono Boost)  
  124  13:16  Disruptor (Chrono Boost)  
  130  13:28  High Templar  
  130  13:29  High Templar x3  
  130  13:33  Nexus  
  130  13:34  Archon x2  
  138  13:37  Pylon  
  138  13:50  High Templar x2  
  138  13:51  Zealot x4  
  138  13:54  Warp Prism  
  138  13:55  Archon, Observer  
  150  13:56  Blink (Chrono Boost)  
  153  14:10  High Templar x2, Zealot x2  
  157  14:18  Archon  
  155  14:34  Fleet Beacon, Psionic Storm  
  155  14:36  Stargate  
  155  14:37  Gravitic Drive (Chrono Boost)  
  149  14:39  Stargate  
  147  14:51  Zealot x7  
  147  14:52  Zealot x3  
  161  15:09  Protoss Ground Armor Level 1 (Chrono Boost)  
  159  15:24  Tempest x2 (Chrono Boost)  
  159  15:25  Tempest (Chrono Boost)  
  168  15:28  Pylon  
  168  15:31  Photon Cannon  
  168  15:32  Photon Cannon, Assimilator  
  168  15:33  Assimilator  
  168  15:34  Photon Cannon  
  156  15:39  Zealot x2  
  144  15:53  Unknown  
  144  15:56  Zealot x2  
  148  16:00  Void Ray (Chrono Boost)  
  162  16:05  Void Ray (Chrono Boost), Carrier (Chrono Boost)  
  154  16:30  Tempest  
  158  16:33  Nexus  
  152  16:40  Tempest  
  152  16:43  Zealot x3  
  140  17:15  High Templar x4  
  144  17:16  High Templar x2  
  152  17:31  Observer (Chrono Boost)  
  152  17:36  Zealot  
  155  17:41  Pylon  
  155  17:42  Assimilator x2  
  155  17:54  Zealot x4  
  163  18:09  Void Ray (Chrono Boost)  
  167  18:15  Oracle (Chrono Boost)  
  173  18:20  Void Ray (Chrono Boost)  
  169  18:45  Archon  
  169  18:47  Void Ray x2 (Chrono Boost)  
  167  19:10  Void Ray (Chrono Boost)  
  171  19:21  Carrier (Chrono Boost)  
  177  19:28  Pylon  
  177  19:30  Assimilator  
  169  19:35  Assimilator  
  169  19:37  Nexus  
  169  19:39  Pylon  
  169  19:43  Zealot x5  
  161  20:08  Carrier x2 (Chrono Boost)  
  169  20:28  Void Ray (Chrono Boost)  
  169  20:43  Zealot x6  
  169  20:44  High Templar x2  
  169  20:49  Warp Prism (Chrono Boost)  
  175  20:50  Archon  
  167  21:16  High Templar x2, Zealot x3  
  167  21:17  High Templar x2, Zealot x3  
  181  21:23  Archon x2  
  175  21:33  Void Ray (Chrono Boost)  
  179  21:48  Observer x2 (Chrono Boost)  
  175  21:54  Nexus  
  175  21:56  Pylon  
  164  22:02  Zealot x8  
  164  22:03  Zealot  
  149  22:15  Zealot  
  97  22:57  Zealot x10  

Tags
 
Add a new tag
Caveats
  • Supply blocks, unpowered buildings, or Contaminate may cause inaccurate times.
  • Supply counts are checked every 10 seconds.